 Dungeon Crawl Stone Soup version 0.22.1-1-ga44c0e5 (webtiles) character file.

3622 dohliylev the Covert (level 9, -7/61 HPs)
             Began as a Vampire Enchanter on Sept 21, 2018.
             Was an Initiate of Makhleb.
             Mangled by a death yak (18 damage)
             ... on level 8 of the Dungeon.
             The game lasted 00:43:52 (9560 turns).

dohliylev the Covert (Vampire Enchanter)            Turns: 9560, Time: 00:43:53

Health: -7/61      AC:  4    Str:  7    XL:     9   Next: 87%
Magic:  13/15      EV: 17    Int: 20    God:    Makhleb [......]
Gold:   132        SH:  0    Dex: 15    Spells: 10/16 levels left

rFire    x . .     SeeInvis +   a - +2 dagger
rCold    + . .     Gourm    .   (no shield)
rNeg     . . .     Faith    .   b - +0 robe
rPois    .         Spirit   .   o - +0 helmet
rElec    .         Reflect  .   (no cloak)
rCorr    .         Harm     .   (no gloves)
MR       +....                  s - +0 pair of boots
Stlth    +++++.....             (no amulet)
HPRegen  0.40/turn              F - ring of protection from magic
MPRegen  0.14/turn              E - ring of Vema {Ice +Fly}

@: about to teleport, regenerating quickly
A: fangs 3, see invisible, unbreathing
a: Renounce Religion, Evoke Flight


You were on level 8 of the Dungeon.
You worshipped Makhleb.
Makhleb was noncommittal.
You were very full.

You visited 2 branches of the dungeon, and saw 9 of its levels.
You also visited: Ossuary.

You collected 541 gold pieces.
You spent 409 gold pieces at shops.

Inventory:

Hand Weapons
 a - a +2 dagger (weapon)
Armour
 b - a +0 robe (worn)
 o - a +0 helmet (worn)
 s - a +0 pair of boots (worn)
Jewellery
 t - an uncursed ring of resist corrosion
 E - the ring of Vema (right hand) {Ice +Fly}
   (You bought it in a shop on level 6 of the Dungeon)

   [ring of ice]

   It enhances your ice magic.
   It makes you vulnerable to fire.
   It protects you from cold.
   It lets you fly.
 F - a ring of protection from magic (left hand)
Wands
 d - a wand of flame (21)
 u - a wand of iceblast (23)
 D - a wand of disintegration (7)
Scrolls
 e - 4 scrolls of teleportation
 i - 4 scrolls of enchant weapon
 l - 5 scrolls of amnesia
 q - 4 scrolls of remove curse
 v - a scroll of fear
 w - a scroll of blinking
 y - a scroll of enchant armour
 z - a scroll of acquirement {unknown}
 A - a scroll of fog {unknown}
 B - a scroll of random uselessness {unknown}
 G - a scroll of torment {unknown}
Potions
 c - 2 potions of flight {unknown}
 f - 3 potions of might {unknown}
 g - 2 potions of haste {unknown}
 h - 2 potions of magic {unknown}
 j - 3 potions of degeneration {unknown}
 k - 4 potions of lignification {unknown}
 m - 2 potions of resistance {unknown}
 n - a potion of heal wounds {unknown}
 p - a potion of ambrosia {unknown}
 r - 4 potions of curing {unknown}
 x - a potion of berserk rage {unknown}
 C - a potion of blood


   Skills:
 - Level 2.0 Fighting
 + Level 8.9 Short Blades
 + Level 8.1 Dodging
 - Level 12.5 Stealth
 - Level 4.1 Spellcasting
 - Level 4.4 Hexes
 - Level 0.3 Ice Magic


You had 10 spell levels left.
You knew the following spells:

 Your Spells              Type           Power        Failure   Level  Hunger
a - Corona                Hex            ###....      1%          1    None
b - Ensorcelled Hibernat  Hex/Ice        ###...       8%          2    #......
c - Confuse               Hex            ###.....     6%          3    ###....

Your spell library contained the following spells:

 Spells                   Type           Power        Failure   Level  Hunger
 Confusing Touch          Hex            ###...       1%          1    None
 Slow                     Hex            ###.....     3%          2    #......
 Tukima's Dance           Hex            ###.....     6%          3    ###....
 Animate Skeleton         Necr           N/A          13%         1    None
 Apportation              Tloc           #.....       13%         1    None
 Magic Dart               Conj           #...         13%         1    None
 Summon Small Mammal      Summ           #...         13%         1    None
 Dazzling Spray           Conj/Hex       ##....       16%         3    ###....
 Blink                    Tloc           N/A          19%         2    #......
 Call Imp                 Summ           #.......     19%         2    #......
 Conjure Flame            Conj/Fire      #.......     36%         3    ###....
 Mephitic Cloud           Conj/Pois/Air  #.......     36%         3    ###....


Dungeon Overview and Level Annotations

Branches:
Dungeon (8/15)             Temple (1/1) D:6            Lair (0/6) D:8

Altars:
Ashenzari
Cheibriados
Dithmenos
Elyvilon
Fedhas
Gozag
Hepliaklqana
Kikubaaqudgha
Makhleb
Nemelex Xobeh
Okawaru
Qazlal
Ru
Sif Muna
Trog
Uskayaw
Vehumet
Wu Jian
Xom
Yredelemnul
Zin
The Shining One

Shops:
D:6 %=:!


Innate Abilities, Weirdness & Mutations

Your natural rate of healing is unusually fast.
You have razor-sharp teeth.
You have supernaturally acute eyesight. (SInv)
You can survive without breathing.


Message History

There is a stone staircase leading down here.
The death yak snorts and paws the ground.
Casting: Ensorcelled Hibernation (safe; 8% risk of failure)
Confirm with . or Enter, or press ? or * to list all spells.
Aiming: Ensorcelled Hibernation (safe; 8% risk of failure)
Press: ? - help, Shift-Dir - straight line, f/p - death yak
Aim: a death yak (chance to defeat MR: 2%)
You feel a surge of power!
The death yak resists with almost no effort.
The death yak gores you!!
As you read the scroll of teleportation, it crumbles to dust.
You feel strangely unstable. The death yak gores you!!
* * * LOW HITPOINT WARNING * * *
There is a stone staircase leading up here.
You hit the death yak but do no damage. The death yak closely misses you.
You hit the death yak but do no damage. You hit the death yak.
The death yak is lightly wounded.
The death yak gores you!!
You die...

############# ################
...........<# #...............
##################.##############
#.........##@#.# #........
#.#######.##Y#.# #.######. #.#
#.##.#.#.####.# #. #.#
#.##.#.#......#### #. #.#
#.##.#.######....###. #.#
#.##.#...........+... #.#
#[##.########....#### #.#
#.##.>.((..))....+... #.#
#.##..#######....####


You could see a death yak.

Vanquished Creatures
  Prince Ribbit (D:8)
  A hippogriff (D:8)
  A porcupine (D:8)
  An orc warrior (D:8)
  A sky beast (D:6)
  3 ice beasts
  A black bear (D:6)
  2 phantoms
  An eye of draining (D:8)
  An ogre (D:8)
  2 big kobolds
  3 elf zombies (Ossuary)
  2 bullfrogs (D:6)
  A wyvern skeleton (D:7)
  2 scorpions
  3 crimson imps (D:5)
  2 centaur zombies (Ossuary)
  6 orc priests
  2 human zombies (Ossuary)
  3 hounds
  6 orc wizards
  A bullfrog skeleton (D:4)
  Jessica (D:2)
  A gnoll shaman (D:6)
  An iguana (D:4)
  Terence (D:2)
  12 worker ants
  3 hell rats (D:8)
  A big kobold zombie (Ossuary)
  2 hound zombies (Ossuary)
  A hound skeleton (D:5)
  3 mummies (Ossuary)
  2 worker ant zombies
  Robin (D:2)
  10 gnolls
  2 river rats (D:8)
  5 adders
  2 shadow imps
  6 adder zombies
  4 adder skeletons
  A dart slug (D:1)
  4 leopard geckos
  25 orcs
  A ball python (D:6)
  5 giant cockroaches
  9 hobgoblins
  3 jackals (D:1)
  15 kobolds
  2 quokkas
  A ball python skeleton (D:4)
  4 bats
  3 frilled lizards
  A gnoll zombie (Ossuary)
  14 goblins
  5 hobgoblin zombies (Ossuary)
  A jackal skeleton (D:7)
  2 jackal zombies (Ossuary)
  7 kobold zombies (Ossuary)
  A leopard gecko skeleton (D:4)
  An orc zombie (Ossuary)
  6 quokka zombies
  15 rats
  A rat zombie (Ossuary)
231 creatures vanquished.

Notes
Turn   | Place    | Note
-------+----------+-------------------------------------------
     0 | D:1      | dohliylev the Vampire Enchanter began the quest for the
                  | Orb.
     0 | D:1      | Reached XP level 1. HP: 13/13 MP: 3/3
   179 | D:1      | Reached XP level 2. HP: 19/19 MP: 5/5
   183 | D:1      | Learned a level 2 spell: Ensorcelled Hibernation
   520 | D:1      | Reached XP level 3. HP: 24/24 MP: 1/6
   546 | D:1      | Learned a level 3 spell: Confuse
  1045 | D:2      | Reached XP level 4. HP: 30/30 MP: 5/7
  1204 | D:2      | Noticed Robin
  1204 | D:2      | Noticed Terence
  1266 | D:2      | Killed Robin
  1483 | D:2      | Killed Terence
  1483 | D:2      | Reached skill level 5 in Short Blades
  1593 | D:2      | Noticed Jessica
  1599 | D:2      | Killed Jessica
  1599 | D:2      | Reached XP level 5. HP: 35/35 MP: 5/8
  2242 | D:3      | Reached skill level 1 in Fighting
  2624 | D:3      | Found a shattered altar of Ashenzari.
  2865 | D:3      | Found an iron altar of Okawaru.
  2868 | D:3      | Found a deep blue altar of Sif Muna.
  2871 | D:3      | Found a bloodstained altar of Trog.
  2998 | D:3      | Reached XP level 6. HP: 39/44 MP: 3/9
  3212 | D:4      | Reached skill level 5 in Stealth
  3424 | D:4      | Reached skill level 6 in Stealth
  3582 | D:4      | Reached skill level 7 in Stealth
  3582 | D:4      | Reached XP level 7. HP: 50/50 MP: 6/10
  3917 | D:4      | Reached skill level 8 in Stealth
  4199 | D:5      | Entered Level 5 of the Dungeon
  4517 | D:5      | Reached skill level 5 in Dodging
  5077 | D:5      | Reached XP level 8. HP: 56/56 MP: 11/11
  5367 | D:6      | Found Ytogiwul's Distillery.
  5430 | D:6      | Found a glowing golden altar of the Shining One.
  5512 | D:6      | Found Lyse's Food Boutique.
  5515 | D:6      | Found a sand-covered staircase.
  5520 | Ossuary  | Entered an ossuary
  6859 | Ossuary  | Reached skill level 9 in Stealth
  7200 | D:6      | Reached skill level 10 in Stealth
  7375 | D:6      | Reached XP level 9. HP: 61/61 MP: 2/15
  7657 | D:6      | Found Ocatoc's Jewellery Shop.
  7660 | D:6      | Bought the ring of Vema {Ice +Fly} for 409 gold pieces
  7833 | D:6      | Found a staircase to the Ecumenical Temple.
  7840 | Temple   | Entered the Ecumenical Temple
  7853 | Temple   | Became a worshipper of Makhleb the Destroyer
  8036 | D:6      | Found Loabb's Book Boutique.
  8910 | D:8      | Reached skill level 11 in Stealth
  9091 | D:8      | Reached skill level 12 in Stealth
  9147 | D:8      | Noticed a death yak
  9150 | D:8      | Found a staircase to the Lair.
  9200 | D:8      | Noticed Prince Ribbit
  9209 | D:8      | Noticed a death yak
  9209 | D:8      | Noticed a death yak
  9347 | D:8      | Killed Prince Ribbit
  9560 | D:8      | Mangled by a death yak

Skill      XL: |  1  2  3  4  5  6  7  8  9 |
---------------+----------------------------+-----
Short Blades   | 2 3 4 5 6 8 |  8.9
Fighting       | 1 2 |  2.0
Dodging        | 3 6 8 |  8.1
Stealth        | 7 8 10 12 | 12.5
Spellcasting   | 4 |  4.1
Hexes          | |  4.4
Ice Magic      | |  0.3

Action                   |  1- 3 |  4- 6 |  7- 9 || total
-------------------------+-------+-------+-------++-------
Melee: Dagger            |   104 |   188 |   562 ||   854
       Bite              |     4 |     9 |    55 ||    68
 Cast: Ensorcelled Hiber |    11 |    61 |   107 ||   179
       Confuse           |       |     6 |    54 ||    60
 Abil: End Transformatio |       |       |     4 ||     4
       Bat Form          |       |       |     4 ||     4
Evoke: Wand              |       |       |     2 ||     2
  Use: Scroll            |       |     8 |     6 ||    14
       Potion            |       |     1 |     2 ||     3
 Stab: Sleeping          |    18 |    38 |    80 ||   136
       Distracted        |     1 |       |       ||     1
       Confused          |       |     4 |    23 ||    27
  Eat: Corpse            |    10 |    14 |    23 ||    47
Armor: Robe              |    24 |    11 |    60 ||    95
Dodge: Dodged            |    64 |    88 |   265 ||   417
